 Dungeon Crawl Stone Soup version 0.19.3-1-g3169bf9 (webtiles) character file.

591 Naow the Destroyer (level 7, -4/36 HPs)
             Began as a Deep Elf Conjurer on Jan 23, 2017.
             Shot with an arrow by a centaur (11 damage)
             ... on level 6 of the Dungeon.
             The game lasted 00:05:20 (4071 turns).

Naow the Destroyer (Deep Elf Conjurer)              Turns: 4071, Time: 00:05:20

Health: -4/36      AC:  5    Str:  5    XL:     7   Next: 16%
Magic:  14/18      EV: 13    Int: 22    God:
Gold:   159        SH:  0    Dex: 15    Spells: 2 memorised, 15 levels left

rFire  . . .     SeeInvis .     m - +2 short sword (elec)
rCold  . . .     Gourm    .     q - +2 robe {MR+}
rNeg   . . .     Faith    .     (no shield)
rPois  .         Spirit   .     (no helmet)
rElec  .         Reflect  .     (no cloak)
rCorr  .         Harm     .     w - +0 pair of gloves
MR     +....                    (no boots)
Stlth  ++........               (no amulet)
                                (no ring)
                                (no ring)

@: no status effects
A: no striking features
a: no special abilities


You were on level 6 of the Dungeon.
You were not hungry.

You visited 1 branch of the dungeon, and saw 5 of its levels.

You collected 159 gold pieces.

Inventory:

Hand Weapons
 m - a +2 short sword of electrocution (weapon)
 p - a +0 dagger
Armour
 a - a +0 robe
 q - a +2 robe of magic resistance (worn)
 w - a +0 pair of gloves (worn)
Jewellery
 y - an uncursed amulet of harm {unknown}
Wands
 i - a wand of polymorph (16/24)
 o - a wand of paralysis (11/24)
 s - a wand of slowing (30/48)
Scrolls
 f - 3 scrolls of enchant weapon {unknown}
 g - 4 scrolls of teleportation {unknown}
 h - 4 scrolls of magic mapping {unknown}
 j - a scroll of enchant armour {unknown}
 k - 5 scrolls of identify {unknown}
Potions
 e - 2 potions of heal wounds {unknown}
 n - a potion of magic {unknown}
 r - a potion of berserk rage {unknown}
 t - 2 potions of mutation {unknown}
 u - a potion of might {unknown}
Books
 b - a book of Conjurations

   Spells                             Type                      Level
   a - Magic Dart                     Conjuration                  1
   b - Searing Ray                    Conjuration                  2
   c - Dazzling Spray                 Conjuration/Hexes            3
   d - Fulminant Prism                Conjuration/Hexes            4
   e - Iskenderun's Mystic Blast      Conjuration                  4
   f - Iskenderun's Battlesphere      Conjuration/Charms           5
Comestibles
 c - a bread ration
 d - 2 meat rations
 l - 4 fruits
 v - a slice of pizza
 x - 7 chunks of flesh


   Skills:
 - Level 2.4 Dodging
 - Level 2.4 Stealth
 + Level 6.1 Spellcasting
 * Level 8.4 Conjurations


You had 15 spell levels left.
You knew the following spells:

 Your Spells              Type           Power        Failure   Level  Hunger
a - Magic Dart            Conj           ####         1%          1    None
b - Searing Ray           Conj           #####.       1%          2    None


Dungeon Overview and Level Annotations

Branches:
Dungeon (4/15)
 Temple: D:4-7

Altars:
Cheibriados


Message History

You see here 2 arrows.
The centaur shoots an arrow.
The arrow hits you!
* * * LOW HITPOINT WARNING * * *
The arrow freezes you.
* * * LOW HITPOINT WARNING * * *
You see here an arrow.
Casting: Magic Dart
Confirm with . or Enter, or press ? or * to list all spells.
Aiming: Searing Ray
Press: ? - help, Shift-Dir - straight line, f/p - ogre
Aim: an ogre, wielding a giant spiked club (moderately wounded)
The searing ray hits the ogre.
The ogre is heavily wounded. (Press . to maintain the ray.)
The centaur shoots an arrow.
The arrow misses you.
The arrow hits the ogre!
The arrow freezes the ogre.
The searing ray hits the ogre.
You kill the ogre!
The centaur shoots an arrow.
The arrow hits you!
You die...

...............## #.#.#
#######.######..####.#.#
#..............#.#
#########.######.#
s..............# ###
............... ...
#######(....... ##
#)#.##### #@#..# #.##.#
#.# .. #.###### #.# #.#
#....... #c# .. #.....##
..# ........ ...
#.....## #.# #.... #
#... #


You could see a centaur.

Vanquished Creatures
  2 phantoms (D:4)
  2 ogres
  A howler monkey (D:4)
  A centaur zombie (D:4)
  Jessica (D:3)
  An orc wizard (D:4)
  Ijyb (D:2)
  Terence (D:3)
  Robin (D:3)
  2 adders (D:2)
  A worm (D:3)
  A dart slug (D:2)
  A leopard gecko (D:1)
  7 orcs
  6 giant cockroaches
  14 goblins
  6 hobgoblins
  4 jackals
  7 kobolds
  7 bats
  A frilled lizard (D:2)
  A leopard gecko skeleton (D:4)
  A quokka skeleton (D:4)
  8 rats
78 creatures vanquished.

Notes
Turn   | Place    | Note
-------+----------+-------------------------------------------
     0 | D:1      | Naow the Deep Elf Conjurer began the quest for the Orb.
     0 | D:1      | Reached XP level 1. HP: 10/10 MP: 6/6
   188 | D:1      | Reached XP level 2. HP: 15/15 MP: 2/8
   192 | D:1      | Learned a level 2 spell: Searing Ray
   596 | D:1      | Reached skill level 5 in Conjurations
  1084 | D:2      | Reached XP level 3. HP: 14/19 MP: 6/10
  1279 | D:2      | Noticed Ijyb
  1288 | D:2      | Killed Ijyb
  1403 | D:2      | Found a snail-covered altar of Cheibriados.
  1436 | D:2      | Reached XP level 4. HP: 24/24 MP: 7/11
  1537 | D:2      | Found a faded altar of an unknown god.
  2002 | D:3      | Reached skill level 6 in Conjurations
  2056 | D:3      | Noticed an ogre
  2063 | D:3      | Killed an ogre
  2063 | D:3      | Reached XP level 5. HP: 28/28 MP: 6/13
  2137 | D:3      | Noticed Jessica
  2140 | D:3      | Killed Jessica
  2237 | D:3      | Noticed Terence
  2243 | D:3      | Killed Terence
  2362 | D:3      | Reached skill level 7 in Conjurations
  2703 | D:3      | Noticed Robin
  2709 | D:3      | Killed Robin
  2709 | D:3      | Reached skill level 5 in Spellcasting
  3100 | D:4      | Reached XP level 6. HP: 17/32 MP: 7/15
  3710 | D:4      | Reached skill level 8 in Conjurations
  3843 | D:4      | Reached XP level 7. HP: 36/36 MP: 14/17
  3980 | D:4      | You fall through a shaft for 2 floors!
  4071 | D:6      | Shot with an arrow by a centaur

Skill      XL: |  1  2  3  4  5  6  7 |
---------------+----------------------+-----
Conjurations   | 5 6 7 8 |  8.4
Spellcasting   | 4 5 6 |  6.1
Dodging        | |  2.4
Stealth        | |  2.4

Action                   |  1- 3 |  4- 6 |  7- 9 || total
-------------------------+-------+-------+-------++-------
Melee: Dagger            |       |    16 |       ||    16
 Cast: Magic Dart        |    53 |   113 |    11 ||   177
       Searing Ray       |     1 |     4 |     1 ||     6
  Eat: Chunk             |     1 |     5 |     1 ||     7
       Royal jelly       |       |     1 |       ||     1
Armor: Robe              |     1 |     8 |     1 ||    10
Dodge: Dodged            |     7 |    20 |     1 ||    28
